 Dungeon Crawl Stone Soup version 0.22-a0-348-gd16d139 (webtiles) character file.

87937 Amnesiac the Ripper (level 15, 0/67 HPs)
             Began as a Felid Fighter on Apr 8, 2018.
             Was an Initiate of Gozag.
             Killed from afar by a spriggan druid (47 damage)
             ... with a stone arrow
             ... on level 3 of the Swamp.
             The game lasted 01:32:55 (37035 turns).

Amnesiac the Ripper (Felid Fighter)                Turns: 37035, Time: 01:32:56

Health: 0/67       AC:  6    Str: 12    XL:     15   Next: 8%
Magic:  22/32      EV: 29    Int: 12    God:    Gozag
Gold:   6825       SH:  0    Dex: 20    Spells: 0/38 levels left
                                        Lives:  0   Deaths: 2

rFire    . . .     SeeInvis +     - Unarmed
rCold    + . .     Gourm    .   (shield unavailable)
rNeg     . . .     Faith    .   (armour unavailable)
rPois    +         Spirit   .   (helmet unavailable)
rElec    .         Reflect  .   (cloak unavailable)
rCorr    .         Harm     .   (gloves unavailable)
MR       ++...                  (boots unavailable)
Stlth    +++++++...             p - amulet of rage
HPRegen  0.00/turn              g - +3 ring of protection
MPRegen  0.23/turn              x - ring of poison resistance

@: confusing touch, gold aura, quick
A: very small, no armour, no weapons or thrown items, stealth, claws 1, fangs 3,
horns 1, see invisible, carnivore, speed 1, screaming 1, shaggy fur 3, inhibited
regeneration, slow metabolism 1, sharp paws
}: 1/15 runes: abyssal
a: Potion Petition, Call Merchant, Bribe Branch, Renounce Religion, Evoke
Berserk Rage


You were on level 3 of the Swamp.
You worshipped Gozag.
Gozag was greatly pleased with you.
You were not hungry.

You visited 6 branches of the dungeon, and saw 28 of its levels.
You visited the Abyss 1 time.
You also visited: Labyrinth, Ossuary and Volcano.

You collected 10411 gold pieces.
You paid 3586 gold pieces to Gozag.

Inventory:

Jewellery
 c - the ring "Irchaicu" {rC+ MR+ Str+2 Dex+4 SInv}
   (You took it off a minotaur in a labyrinth)

   [ring of protection from cold]

   It affects your strength (+2).
   It affects your dexterity (+4).
   It protects you from cold.
   It affects your resistance to hostile enchantments.
   It lets you see invisible.
 g - a +3 ring of protection (left paw)
 k - an uncursed ring of ice
 p - an amulet of rage (around neck)
 x - a ring of poison resistance (right paw)
 B - an uncursed ring of see invisible {unknown}
 H - an uncursed ring of flight
 S - the ring "Gaaj" {*Tele rElec rN+ Int+4 Dex+2}
   (You found it on level 1 of the Swamp)

   [ring of teleportation]

   It may teleport you next to monsters.
   It affects your intelligence (+4).
   It affects your dexterity (+2).
   It insulates you from electricity.
   It protects you from negative energy.
Wands
 h - a wand of scattershot (7)
 w - a wand of random effects (118)
 y - a wand of polymorph (14)
 F - a wand of paralysis (24)
 G - a wand of iceblast (10)
 I - a wand of disintegration (21)
 J - a wand of flame (52)
 N - a wand of acid (16)
 P - a wand of enslavement (13)
Scrolls
 j - 8 scrolls of blinking {!r}
 n - 18 scrolls of remove curse {!r}
 o - 2 scrolls of acquirement {!r, unknown}
 q - 5 scrolls of teleportation {!r}
 r - 5 scrolls of amnesia {!r}
 t - 3 scrolls of vulnerability {!r}
 u - 2 scrolls of fear {!r}
 E - a scroll of torment {!r}
 L - 3 scrolls of magic mapping {!r}
 M - 13 scrolls of identify {!r}
 O - 2 scrolls of fog {!r}
Potions
 a - 6 potions of might {!q}
 d - 7 potions of ambrosia {!q}
 e - 3 potions of agility {!q}
 f - 8 potions of curing {!q}
 i - 5 potions of flight {!q}
 l - 5 potions of mutation {!q}
 m - 5 potions of berserk rage {!q}
 s - 4 potions of haste {!q}
 v - 4 potions of brilliance {!q}
 z - 3 potions of cancellation {!q}
 A - 5 potions of resistance {!q}
 C - 3 potions of magic {!q}
 Q - a potion of lignification {!q}
Miscellaneous
 D - a phantom mirror
 K - a fan of gales
 R - a phial of floods
Comestibles
 b - 20 rations


   Skills:
 - Level 9.0 Fighting
 - Level 12.0 Dodging
 - Level 16.2 Stealth
 - Level 16.2 Unarmed Combat
 - Level 12.0 Spellcasting
 - Level 14.1 Hexes
 + Level 7.1 Charms
 + Level 5.4 Air Magic
 - Level 9.0 Evocations


You couldn't memorise any spells.
You knew the following spells:

 Your Spells              Type           Power        Failure   Level  Hunger
a - Ensorcelled Hibernat  Hex/Ice        ###...       1%          2    None
b - Passwall              Tmut/Erth      #.........   14%         2    None
c - Poisonous Vapours     Pois/Air       ##....       4%          2    None
d - Dazzling Spray        Conj/Hex       ###...       1%          3    #......
e - Confuse               Hex            #####...     1%          3    #......
f - Summon Butterflies    Summ           #.......     10%         1    None
g - Deflect Missiles      Chrm/Air       ###.......   75%         6    ######.
h - Tukima's Dance        Hex            #####...     1%          3    #......
r - Regeneration          Chrm/Necr      ###.......   7%          3    #......
s - Conjure Flame         Conj/Fire      #.......     28%         3    #......
t - Apportation           Tloc           #.....       10%         1    None
v - Blink                 Tloc           N/A          14%         2    None
w - Invisibility          Hex            #####...     4%          6    ######.
z - Confusing Touch       Hex            #####.       1%          1    None


Dungeon Overview and Level Annotations

Branches:
Dungeon (15/15)            Temple (1/1) D:5            Lair (6/6) D:11
  Swamp (3/4) Lair:2       Spider (1/4) Lair:2        Slime (0/5) Lair:5
    Orc (2/2) D:10            Elf (0/3) Orc:2        Vaults (0/5) D:13
 Depths (0/5) D:15

Altars:
Ashenzari
Cheibriados
Dithmenos
Elyvilon
Fedhas
Gozag
Hepliaklqana
Kikubaaqudgha
Makhleb
Nemelex Xobeh
Okawaru
Qazlal
Ru
Sif Muna
Trog
Uskayaw
Vehumet
Wu Jian
Xom
Yredelemnul
Zin
The Shining One
Lugonu

Shops:
D:8 [   D:13 !   Orc:2 [:%(

Annotations:
D:3 1 transporter
Swamp:3 Kirke


Innate Abilities, Weirdness & Mutations

You cannot wear armour.
You are incapable of wielding weapons or throwing items.
Your paws allow you to move quietly. (Stealth)
You have sharp claws.
You have razor-sharp teeth.
You have supernaturally acute eyesight. (SInv)
You are carnivorous and can eat meat at any time.
You cover ground quickly.
Your thick and shaggy fur keeps you warm. (AC +3, rC+)
You have a slow metabolism.
Your sharp claws are effective at attacking unaware monsters.
You have a pair of small horns on your head.
You occasionally shout uncontrollably at your foes.
You do not regenerate when monsters are visible.


Message History

You claw the hog! You headbutt the hog.
The hog is heavily wounded.
You scratch the hog.
The hog is severely wounded.
The hog closely misses you.
The spriggan druid is distracted by the nearby gold.
You mangle the hog!!
You kill the hog!
Casting: Confusing Touch (safe; 1% risk of failure)
Confirm with . or Enter, or press ? or * to list all spells.
Aiming: Confuse (safe; 1% risk of failure)
Press: ? - help, Shift-Dir - straight line, f - spriggan druid
Aim: a spriggan druid, wielding a quarterstaff and wearing a robe (chance to defeat MR: 8%)
The spriggan druid is no longer distracted by gold.
The spriggan druid resists with almost no effort.
The swamp worm throws harpoon shot at you.
The harpoon shot misses you.
Casting: Confuse (safe; 1% risk of failure)
Confirm with . or Enter, or press ? or * to list all spells.
Aiming: Confuse (safe; 1% risk of failure)
Press: ? - help, Shift-Dir - straight line, p - spriggan druid Nothing appears to happen.
Casting: Confuse (safe; 1% risk of failure)
Confirm with . or Enter, or press ? or * to list all spells.
Aiming: Confuse (safe; 1% risk of failure)
Press: ? - help, Shift-Dir - straight line, f - spriggan druid
Aim: a spriggan druid, wielding a quarterstaff and wearing a robe (chance to defeat MR: 8%)
The spriggan druid resists with almost no effort.
The spriggan druid is distracted by the nearby gold.
The swamp worm throws harpoon shot at you.
The harpoon shot hits you!
You are yanked forward by the harpoon shot.
Found 12 gold pieces.
A hog and Kirke come into view.
Casting: Confuse (safe; 1% risk of failure)
Confirm with . or Enter, or press ? or * to list all spells.
Aiming: Confuse (safe; 1% risk of failure)
Press: ? - help, Shift-Dir - straight line, f/p - spriggan druid
Aim: a spriggan druid, wielding a quarterstaff and wearing a robe (hasn't noticed you, chance to defeat MR: 8%)
Okay, then.
Casting: Confuse (safe; 1% risk of failure)
Confirm with . or Enter, or press ? or * to list all spells.
Your paws begin to glow red.
The spriggan druid shouts!
You hear an angry squeal.
The spriggan druid is no longer distracted by gold.
Kirke throws some strange powder.
The swamp worm is distracted by the nearby gold.
A hog comes into view.
The hog squeals angrily.
You scratch the swamp worm but do no damage.
The swamp worm is no longer distracted by gold.
You scratch the swamp worm but do no damage.
The swamp worm bites you.
You scratch the swamp worm but do no damage.
The swamp worm appears confused.
The spriggan druid hits you with a quarterstaff.
Casting: Confusing Touch (safe; 1% risk of failure)
Confirm with . or Enter, or press ? or * to list all spells.
Your paws begin to glow red.
The spriggan druid gestures at you while chanting.
The stone arrow hits you!
Ouch! That really hurt!
You die...
Your body crumbles into a pile of gold.

≈..≈♣ ♣.[♣♣♣ $...≈....
§≈..≈♣ ≈≈≈..≈..# .(##.
≈≈..≈♣≈.≈≈≈.≈≈≈..### #.....
>.....≈.≈≈≈@h≈≈..≈.##≈≈..≈.
...........≈≈≈≈..§...≈≈≈≈.≈
≈≈≈≈..[.♣♣♣≈.≈.≈.≈≈≈≈≈≈≈≈..
≈≈≈≈≈.≈..♣♣.≈≈h.≈♣♣≈♣♣♣♣♣♣
≈. ♣♣..≈....≈.♣♣♣ .≈
♣♣♣♣♣.....♣ .♣♣ ♣......♣


You could see Kirke, a spriggan druid, a swamp worm (confused) and 3 hogs.

Vanquished Creatures
  Agnes (D:14)
  2 thorn hunters
  Gastronok (D:8)
  Donald (Orc:2)
  A stone giant (Orc:2)
  A minotaur (Lab)
  An eidolon (Abyss:3)
  Snorg (D:10)
  Josephine (D:11)
  A yaktaur captain (D:15)
  10 hydras
  A vault guard (D:13)
  5 catoblepae
  6 alligators
  A death knight (D:15)
  A ghost crab (Swamp:1)
  4 centaur warriors
  17 two-headed ogres
  2 ogre magi (Orc:2)
  14 death yaks
  3 tengu warriors
  Nergalle (Lair:3)
  A thrashing horror (Abyss:3)
  2 hell knights (Abyss:3)
  A spatial maelstrom (Abyss:3)
  2 shadow wraiths (Abyss:3)
  4 skeletal warriors
  A wretched star (Abyss:3)
  2 sixfirhies (Abyss:3)
  2 deep trolls (Orc:2)
  2 swamp dragons
  An unseen horror (D:14)
  4 wizards (Volcano)
  Pikel (D:8)
  9 deep elf magi
  2 oklob plants
  A necromancer (Abyss:3)
  A wolf spider (D:15)
  2 ugly things
  4 manticores
  7 cyclopes
  7 elephants
  A starcursed mass (Abyss:3)
  10 slime creatures
  2 black mambas
  3 toenail golems (Volcano)
  A torpor snail (Lair:4)
  Psyche (D:8)
  Joseph (D:10)
  2 smoke demons (Abyss:3)
  3 gargoyles
  15 spiny frogs
  A rime drake (Lair:3)
  A yaktaur (D:15)
  A kobold demonologist (D:3)
  An ancient zyme (Abyss:3)
  A tengu conjurer (D:11)
  8 komodo dragons
  11 trolls
  2 hellwings (Abyss:3)
  4 tyrant leeches
  5 hornets
  2 polar bears (Lair:6)
  A raiju (Abyss:3)
  A meliai (shapeshifter) (D:13)
  A hippogriff (shapeshifter) (D:15)
  5 large abominations (Abyss:3)
  11 blink frogs
  12 dream sheep
  13 hippogriffs
  A harpy zombie (D:15)
  3 bog bodies
  A meliai zombie (D:14)
  6 spriggans
  Sigmund (D:6)
  A vampire (D:13)
  4 shadows
  A tarantella (Spider:1)
  3 fire bats (Lair:6)
  6 wraiths
  5 wyverns
  6 redbacks
  A basilisk (D:14)
  5 hogs
  A neqoxec (Abyss:3)
  2 steam dragons
  34 yaks
  13 vampire mosquitoes
  A basilisk (shapeshifter) (D:13)
  A chaos spawn (Abyss:3)
  A human (D:10)
  4 hungry ghosts
  Eustachio (D:5)
  3 wargs
  10 insubstantial wisps
  10 swamp worms
  An acid dragon (D:12)
  A soldier ant (D:12)
  11 water moccasins
  2 hell hounds (Abyss:3)
  Duvessa (D:4)
  6 swamp drakes
  18 orc warriors
  An ice beast (D:12)
  7 porcupines
  2 sky beasts
  2 phantoms
  An eye of draining (D:12)
  A necrophage (D:7)
  A hornet zombie (D:7)
  16 wolves
  3 small abominations (Abyss:3)
  3 boggarts (D:15)
  18 centaurs
  6 crocodiles
  25 ogres
  20 bullfrogs
  A big kobold (D:10)
  A wyvern zombie (D:13)
  Dowan (D:4)
  15 scorpions
  A water moccasin skeleton (D:12)
  3 howler monkeys
  18 wights
  5 crimson imps
  3 centaur zombies
  A gnoll shaman (Orc:2)
  18 orc priests
  3 human zombies (Ossuary)
  5 jellies
  5 hounds
  Crazy Yiuf (D:5)
  3 iguanas
  22 orc wizards
  Ijyb (D:5)
  4 bullfrog skeletons
  5 centaur skeletons
  14 worker ants
  A big kobold zombie (Ossuary)
  2 hound zombies
  A hound skeleton (D:9)
  3 mummies (Ossuary)
  A worker ant zombie (D:9)
  A howler monkey zombie (D:5)
  9 gnolls
  14 adders
  3 scorpion zombies (Ossuary)
  2 shadow imps (D:3)
  A white imp (Abyss:3)
  2 oozes
  3 worms (D:3)
  5 dart slugs
  4 leopard geckos
  82 orcs
  15 bats
  4 giant cockroaches
  A gnoll zombie (Ossuary)
  10 goblins
  4 hobgoblins
  8 jackals
  3 quokkas
  2 ball pythons
  6 frilled lizards
  4 goblin zombies (Ossuary)
  13 kobolds
  2 kobold zombies (Ossuary)
  An orc zombie (Ossuary)
  A quokka skeleton (D:10)
  11 rats
  2 fungi
  5 plants
879 creatures vanquished.

Vanquished Creatures (others)
  3 dancing weapons
  3 slaves (D:8)
  2 scorpions (Ossuary)
  A worker ant (D:8)
  An orc (Orc:1)
  2 orc zombies (Ossuary)
  3 bushes (Lair:6)
  13 fungi
  10 plants
38 creatures vanquished.

Grand Total: 917 creatures vanquished

Notes
Turn   | Place    | Note
-------+----------+-------------------------------------------
     0 | D:1      | Amnesiac the Felid Fighter began the quest for the Orb.
     0 | D:1      | Reached XP level 1. HP: 10/10 MP: 2/2
   301 | D:1      | Reached skill level 1 in Stealth
   375 | D:1      | Reached XP level 2. HP: 11/14 MP: 3/3
   641 | D:1      | Reached XP level 3. HP: 6/17 MP: 4/4
  1771 | D:2      | Reached XP level 4. HP: 17/21 MP: 5/5
  2150 | D:3      | Found an opulent altar of Gozag.
  2150 | D:3      | Found a sparkling altar of Nemelex Xobeh.
  2156 | D:3      | Became a worshipper of Gozag Ym Sagoz the Greedy
  2485 | D:3      | Found a transporter.
  2501 | D:3      | Noticed a kobold demonologist
  2701 | D:3      | Reached XP level 5. HP: 6/24 MP: 6/6
  3057 | D:3      | Found a transporter.
  3057 | D:3      | Found a snail-covered altar of Cheibriados.
  3094 | D:3      | Found a shimmering altar of Xom.
  3095 | D:3      | Reached skill level 5 in Stealth
  3096 | D:3      | Found a basalt altar of Yredelemnul.
  3178 | D:3      | Reached skill level 5 in Unarmed Combat
  3238 | D:3      | Noticed a phantom
  3479 | D:3      | Killed a phantom
  3479 | D:3      | Reached skill level 5 in Dodging
  3479 | D:3      | Gained mutation: You are covered in thick fur. (AC +2) [Felid growth]
  3479 | D:3      | Reached XP level 6. HP: 7/28 MP: 7/7
  3791 | D:3      | Reached skill level 1 in Evocations
  3972 | D:3      | Found an ornate altar of the Wu Jian Council.
  4065 | D:3      | Killed a kobold demonologist
  4065 | D:3      | Reached XP level 7. HP: 32/32 MP: 7/9
  4715 | D:4      | Noticed Duvessa
  4758 | D:4      | Killed Duvessa
  4758 | D:4      | Reached XP level 8. HP: 10/36 MP: 11/11
  4771 | D:4      | Noticed Dowan
  5094 | D:4      | Killed Dowan
  5115 | D:5      | Entered Level 5 of the Dungeon
  5120 | D:5      | Found a stormy altar of Qazlal.
  5126 | D:5      | Noticed Eustachio
  5142 | D:5      | Noticed Ijyb
  5280 | D:5      | Found a shimmering altar of Xom.
  5306 | D:5      | Found a staircase to the Ecumenical Temple.
  5316 | Temple   | Entered the Ecumenical Temple
  5406 | D:5      | Found a snail-covered altar of Cheibriados.
  5421 | D:5      | Noticed a two-headed ogre
  5564 | D:5      | Found a runed door.
  6004 | D:6      | Reached skill level 5 in Fighting
  6227 | D:6      | Noticed Sigmund
  6234 | D:6      | Killed Sigmund
  6431 | D:6      | Found an ancient bone altar of Kikubaaqudgha.
  6431 | D:6      | Found an iron altar of Okawaru.
  6692 | D:5      | Killed a two-headed ogre
  6692 | D:5      | Reached XP level 9. HP: 17/41 MP: 13/13
  6836 | D:5      | Killed Eustachio
  7014 | D:5      | Killed Ijyb
  7240 | D:5      | Learned a level 1 spell: Confusing Touch
  7240 | D:5      | Noticed Crazy Yiuf
  7244 | D:5      | Killed Crazy Yiuf
  7298 | D:7      | Found a burning altar of Makhleb.
  7392 | D:7      | Reached skill level 5 in Evocations
  7415 | D:7      | Learned a level 3 spell: Confuse
  7483 | D:7      | Found a sand-covered staircase.
  7490 | Ossuary  | Entered an ossuary
  8210 | Ossuary  | Reached skill level 1 in Hexes
  8268 | Ossuary  | Reached skill level 1 in Spellcasting
  8509 | D:7      | Noticed a two-headed ogre
  8520 | D:7      | Killed a two-headed ogre
  8520 | D:7      | Reached XP level 10. HP: 45/45 MP: 13/16
  8882 | D:7      | Reached skill level 5 in Hexes
  8926 | D:7      | Found a shattered altar of Ashenzari.
  9035 | D:7      | Found a deep blue altar of Sif Muna.
  9365 | D:8      | Noticed a two-headed ogre
  9665 | D:8      | Found Wibeva Emeis's Armour Shop.
  9677 | D:8      | Noticed Pikel
  9701 | D:8      | Killed Pikel
 10037 | D:8      | Killed a two-headed ogre
 10230 | D:8      | Found a sacrificial altar of Ru.
 10231 | D:8      | Identified the Compendium of the Bewitching Escort
 10238 | D:8      | Learned a level 1 spell: Summon Butterflies
 10251 | D:8      | Learned a level 2 spell: Ensorcelled Hibernation
 10292 | D:8      | Noticed Psyche
 10305 | D:8      | Killed Psyche
 10331 | D:8      | Noticed Gastronok
 10583 | D:8      | Killed Gastronok
 10583 | D:8      | Reached skill level 10 in Stealth
 10583 | D:8      | Reached skill level 10 in Unarmed Combat
 10583 | D:8      | Reached XP level 11. HP: 50/50 MP: 16/18
 11100 | D:9      | Found a glowing golden altar of the Shining One.
 11100 | D:9      | Found a glowing silver altar of Zin.
 11101 | D:9      | Found a white marble altar of Elyvilon.
 11208 | D:9      | Noticed a two-headed ogre
 11216 | D:9      | Killed a two-headed ogre
 11280 | D:9      | Learned a level 3 spell: Tukima's Dance
 11284 | D:9      | Learned a level 3 spell: Dazzling Spray
 11504 | D:10     | Entered Level 10 of the Dungeon
 11509 | D:10     | Noticed a two-headed ogre
 11512 | D:10     | Killed a two-headed ogre
 11539 | D:10     | Noticed a two-headed ogre
 11551 | D:10     | Killed a two-headed ogre
 11551 | D:10     | Reached skill level 10 in Dodging
 11555 | D:10     | Noticed Joseph
 11568 | D:10     | Killed Joseph
 11987 | D:10     | Found a staircase to the Orcish Mines.
 12221 | D:10     | Noticed Snorg
 12316 | D:10     | Killed Snorg
 12753 | D:11     | Noticed a two-headed ogre
 12782 | D:11     | Killed a two-headed ogre
 12782 | D:11     | Gained mutation: Your thick and shaggy fur keeps you warm. (AC +3, rC+) [Felid growth]
 12782 | D:11     | Reached XP level 12. HP: 32/55 MP: 17/19
 12926 | D:11     | Found a staircase to the Lair.
 12942 | D:11     | Found a labyrinth entrance.
 12942 | D:11     | Noticed a two-headed ogre
 12951 | Lab      | Entered a labyrinth
 13334 | Lab      | Noticed a minotaur
 13354 | Lab      | Killed a minotaur
 13375 | Lab      | Got an ancient tin ring
 13377 | Lab      | Identified the ring "Irchaicu" {rC+ MR+ Str+2 Dex+4 SInv} (You took it off a minotaur in a labyrinth)
 13379 | Lab      | Found the +4 Vampire's Tooth {vamp}
 13379 | Lab      | Got a flickering granite ring
 13381 | Lab      | Identified the ring of Mule {*Contam +Fly Dex+6} (You found it in a labyrinth)
 13536 | D:11     | Killed a two-headed ogre
 13612 | D:11     | Noticed Josephine
 13746 | D:11     | Killed Josephine
 13872 | D:11     | Noticed a tengu warrior
 13876 | D:11     | Killed a tengu warrior
 14922 | D:11     | Learned a level 2 spell: Poisonous Vapours
 14926 | D:11     | Learned a level 3 spell: Conjure Flame
 14928 | Lair:1   | Entered Level 1 of the Lair of Beasts
 15256 | Lair:1   | Reached XP level 13. HP: 53/60 MP: 20/20
 15673 | Lair:1   | You fall through a shaft!
 15673 | Lair:2   | Found a staircase to the Swamp.
 16089 | Lair:2   | Found a hole to the Spider Nest.
 16224 | Lair:2   | Learned a level 2 spell: Passwall
 16547 | Lair:3   | Noticed Nergalle
 17336 | Lair:3   | Killed Nergalle
 19388 | Lair:5   | Found a staircase to the Slime Pits.
 19522 | Lair:5   | Gained mutation: You have a pair of small horns on your head. [mutagenic glow]
 20472 | Lair:5   | Reached skill level 15 in Unarmed Combat
 20594 | Lair:6   | Entered Level 6 of the Lair of Beasts
 20626 | Lair:6   | Reached skill level 15 in Stealth
 20798 | Lair:6   | Reached XP level 14. HP: 64/64 MP: 21/21
 21035 | Lair:6   | Found a dark tunnel.
 21047 | Volcano  | Entered a volcano
 22911 | Lair:6   | Reached skill level 5 in Spellcasting
 24637 | D:12     | Identified the Guide on Aerial Intoxication
 24643 | D:12     | Learned a level 3 spell: Regeneration
 24646 | D:12     | Learned a level 2 spell: Blink
 25115 | D:13     | Found Foemnimm's Distillery.
 25423 | D:13     | Reached XP level 15. HP: 67/67 MP: 26/28
 25868 | D:13     | Found a gate to the Vaults.
 26050 | Orc:1    | Entered Level 1 of the Orcish Mines
 26670 | Orc:1    | Learned a level 6 spell: Deflect Missiles
 26838 | Orc:2    | Entered Level 2 of the Orcish Mines
 26841 | Orc:2    | Found a staircase to the Elven Halls.
 26891 | Orc:2    | Noticed Donald
 27405 | Orc:2    | Reached skill level 10 in Spellcasting
 27606 | Orc:2    | Killed Donald
 27658 | Orc:2    | Found Pocownih's Food Boutique.
 27658 | Orc:2    | Found Mushe's Armour Emporium.
 27661 | Orc:2    | Found Esteseos's Antique Weapon Shoppe.
 27664 | Orc:2    | Found Zethrit's Book Emporium.
 29048 | Orc:2    | Learned a level 6 spell: Invisibility
 29224 | Spider:1 | Entered Level 1 of the Spider Nest
 29818 | D:14     | Noticed Agnes
 31137 | D:14     | Killed Agnes
 31305 | D:15     | Entered Level 15 of the Dungeon
 31450 | D:15     | Reached skill level 10 in Hexes
 31861 | D:15     | Found a staircase to the Depths.
 31939 | D:15     | Reached XP level 16. HP: 70/72 MP: 31/33
 32564 | D:15     | Found a shadowy altar of Dithmenos.
 32764 | Swamp:1  | Entered Level 1 of the Swamp
 32764 | Swamp:1  | Noticed a thorn hunter
 32800 | Swamp:1  | Killed a thorn hunter
 33522 | Swamp:1  | Found a transporter.
 33632 | Swamp:1  | Found a transporter.
 33941 | Swamp:1  | Cast into level 3 of the Abyss (a Zot trap)
 33960 | Abyss:3  | Learned a level 1 spell: Apportation
 33982 | Abyss:3  | Gained mutation: You occasionally shout uncontrollably at your foes. [a neqoxec]
 33983 | Abyss:3  | Gained mutation: You do not regenerate when monsters are visible. [a neqoxec]
 33985 | Abyss:3  | Got an abyssal rune of Zot
 33998 | Abyss:3  | Noticed a tentacled starspawn
 34004 | Abyss:3  | HP: 3/108 [brown very ugly thing (19)]
 34004 | Abyss:3  | Splashed by a brown very ugly thing's acid
 34005 | Abyss:3  | Reached XP level 15. HP: -3/100 MP: 27/32
 34152 | Abyss:3  | Noticed a Hell Sentinel
 34182 | Abyss:3  | Slain by a large abomination
 34183 | Abyss:3  | Reached XP level 14. HP: -3/64 MP: 27/31
 34304 | Abyss:3  | Reached skill level 1 in Charms
 34380 | Abyss:3  | Reached skill level 1 in Air Magic
 34658 | Abyss:3  | Found a corrupted altar of Lugonu.
 34685 | Abyss:3  | Noticed a starcursed mass
 34763 | Abyss:3  | Noticed a tentacled starspawn
 34824 | Abyss:3  | Noticed a bone dragon
 34841 | Abyss:3  | Noticed a starcursed mass
 34850 | Abyss:3  | Noticed a cacodemon
 34855 | Abyss:4  | Found a corrupted altar of Lugonu.
 34921 | Swamp:1  | Escaped the Abyss
 34981 | Swamp:1  | Got a heavily runed steel ring
 34994 | Swamp:1  | Got a translucent iron ring
 34996 | Swamp:1  | Identified the ring "Gaaj" {*Tele rElec rN+ Int+4 Dex+2} (You found it on level 1 of the Swamp)
 34998 | Swamp:1  | Identified the ring "Eteoha" {*Tele rC++ rN+ Str-5 Dex+2} (You found it on level 1 of the Swamp)
 35143 | Swamp:1  | You fall through a shaft!
 35158 | Swamp:2  | Reached skill level 5 in Charms
 36097 | Swamp:2  | Noticed a thorn hunter
 36108 | Swamp:2  | Killed a thorn hunter
 36414 | Swamp:1  | Reached skill level 5 in Air Magic
 36561 | Swamp:1  | Reached XP level 15. HP: 39/67 MP: 32/32
 37031 | Swamp:3  | Noticed Kirke
 37035 | Swamp:3  | Killed from afar by a spriggan druid

Vault maps used:
D:1:      lightli_iron_boxes
D:3:      gammafunk_wand_slinger, grunt_temple_overflow_opulence,
          chequers_temple_overflow_statue_of_worship,
          lemuel_coloured_pillars_altar, cheibriados_altar_1
D:4:      first_ration, uniq_duvessa
D:5:      kennysheep_little_box, nicolae_qazlal_general_emergency,
          minmay_temple_entry_butterflies, basic_altar, uniq_eustachio,
          uniq_crazy_yiuf_cottage, uniq_ijyb
D:6:      gammafunk_temple_overflow_statue, lightli_corner_chamber, uniq_sigmund
D:7:      old_standard_altar, lemuel_crystal_altar, lemuel_blue_sif_altar,
          chequers_ossuary_entry_cave
D:8:      lemuel_round_altar, serial_shops, nicolae_shop_stone, uniq_psyche,
          uniq_pikel, uniq_gastronok
D:9:      good_gods_temple_1
D:10:     david_orc_1_choice, grunt_livestock, uniq_snorg, uniq_joseph
D:11:     dpeg_oklobed_lair, lab_entry_generic, uniq_josephine
D:13:     david_vaults_5, serial_shops, nicolae_shop_trees
D:14:     infiniplex_staircase_zigzag_1, uniq_agnes
D:15:     grunt_enter_depths_snipers, grunt_dithmenos_shadows
Temple:   corrupted_temple
Lair:1:   wad_woods_tower
Lair:2:   minmay_swamp_entry_wisps, spider_nest_entry_web_field,
          minmay_lair_oklob_chamber
Lair:3:   grunt_megastairs_5, uniq_nergalle
Lair:5:   slime_dummy, grunt_megastairs_1
Lair:6:   evilmike_catoblepas_cave, nicolae_volcano_entry_batcave,
          patterned_corridor
Swamp:1:  gammafunk_its_a_trap, serial_swamp_ruin, evilmike_swamp_ruin_wall,
          evilmike_swamp_ruin_rubble_2, swamp_pool1
Swamp:2:  evilmike_swamp_ruin_rubble_1
Swamp:3:  hangedman_swamp_ruin_hall, swamp_pool2, uniq_kirke
Orc:1:    elves_outpost_lemuel
Orc:2:    st_orc_open, uniq_donald
Abyss:3:  doesnt_abyss_rune_brain_food, hangedman_abyss_mock_shop
Abyss:4:  evilmike_abyss_exit_plants
Lab:      labyrinth_mini_lab
Ossuary:  ossuary_minmay_scorpions
Volcano:  volcano_bunker

Skill      XL: |  1  2  3  4  5  6  7  8  9 10 11 12 13 14 15 16 |
---------------+-------------------------------------------------+-----
Stealth        | 2 3 4 5 6 8 9 10 11 12 15 16 | 16.2
Unarmed Combat | 5 6 8 9 10 11 12 15 16 | 16.2
Dodging        | 5 6 7 8 9 10 12 | 12.0
Evocations     | 2 3 4 5 6 7 9 |  9.0
Fighting       | 4 5 6 7 8 9 |  9.0
Hexes          | 4 6 14 11 13 | 14.1
Spellcasting   | 3 4 8 12 | 12.0
Charms         | 6 7 |  7.1
Air Magic      | 5 |  5.4

Action                   |  1- 3 |  4- 6 |  7- 9 | 10-12 | 13-15 | 16-18 || total
-------------------------+-------+-------+-------+-------+-------+-------++-------
Melee: Unarmed           |   116 |   137 |   394 |   723 |  1643 |   147 ||  3160
       Bite              |     9 |    18 |    50 |   114 |   268 |    23 ||   482
       Punch             |     2 |     7 |    19 |    55 |   173 |    14 ||   270
       Headbutt          |       |       |       |       |   369 |    32 ||   401
 Cast: Confusing Touch   |       |       |    12 |    65 |   250 |    20 ||   347
       Confuse           |       |       |       |     7 |    45 |     1 ||    53
       Ensorcelled Hiber |       |       |       |     3 |       |       ||     3
       Apportation       |       |       |       |       |    17 |     1 ||    18
       Regeneration      |       |       |       |       |    10 |       ||    10
       Passwall          |       |       |       |       |     9 |       ||     9
       Dazzling Spray    |       |       |       |       |     8 |     2 ||    10
       Invisibility      |       |       |       |       |     2 |     2 ||     4
       Tukima's Dance    |       |       |       |       |     6 |       ||     6
       Summon Butterflie |       |       |       |       |     1 |       ||     1
       Blink             |       |       |       |       |     2 |       ||     2
Invok: Potion Petition   |       |     1 |       |       |     7 |     2 ||    10
 Abil: Evoke Berserk Rag |       |       |       |     1 |       |       ||     1
Evoke: Wand              |       |     6 |     8 |     2 |     6 |       ||    22
  Use: Scroll            |       |     3 |     8 |    13 |     7 |     3 ||    34
       Potion            |       |       |       |     5 |    11 |     7 ||    23
 Stab: Sleeping          |     7 |    11 |    20 |    24 |    75 |     8 ||   145
       Distracted        |     1 |     1 |     3 |     5 |    11 |       ||    21
       Confused          |       |       |     7 |    56 |   201 |    19 ||   283
       Paralysed         |       |       |       |     1 |     6 |       ||     7
       Invisible         |       |       |       |       |    14 |     3 ||    17
       Petrified         |       |       |       |       |       |     1 ||     1
  Eat: Chunk             |     9 |     1 |       |     1 |       |       ||    11
       Ration            |       |       |     3 |     9 |    23 |     4 ||    39
Armor: Skin              |    15 |    14 |    25 |    53 |    58 |    10 ||   175
Dodge: Dodged            |   107 |    83 |   253 |   465 |  1244 |   189 ||  2341

Table legend:
 A = Spawn XP
 B = Non-spawn XP
 C = Spawn XP percentage of total XP
 D = Spawn monster count
 E = Non-spawn monster count
 F = Spawn count percentage of total count
 G = Total turns spent on level
                    A         B        C        D         E        F      G
               +---------+---------+-------+---------+---------+-------+---------
         Total |   11917 |  190373 |   5.9 |      28 |     846 |   3.2 | 37035
               +---------+---------+-------+---------+---------+-------+---------
           D:1 |       0 |      47 |   0.0 |       0 |      28 |   0.0 |  1467
           D:2 |       0 |      63 |   0.0 |       0 |      23 |   0.0 |   994
           D:3 |       0 |     838 |   0.0 |       0 |      42 |   0.0 |  1698
           D:4 |       0 |     660 |   0.0 |       0 |      23 |   0.0 |  1402
           D:5 |       0 |    1517 |   0.0 |       0 |      20 |   0.0 |   844
           D:6 |       0 |     772 |   0.0 |       0 |      15 |   0.0 |   846
           D:7 |       0 |    1876 |   0.0 |       0 |      21 |   0.0 |   964
           D:8 |       0 |    4606 |   0.0 |       0 |      29 |   0.0 |  1413
           D:9 |       0 |    2215 |   0.0 |       0 |      20 |   0.0 |   859
          D:10 |       0 |    6904 |   0.0 |       0 |      57 |   0.0 |  1278
          D:11 |       0 |   12714 |   0.0 |       0 |      66 |   0.0 |  2311
          D:12 |       0 |    5405 |   0.0 |       0 |      21 |   0.0 |   901
          D:13 |       0 |    6800 |   0.0 |       0 |      28 |   0.0 |  1091
          D:14 |       0 |   11432 |   0.0 |       0 |      30 |   0.0 |  1629
          D:15 |       0 |   11812 |   0.0 |       0 |      29 |   0.0 |  1338
        Lair:1 |       0 |    5715 |   0.0 |       0 |      24 |   0.0 |   893
        Lair:2 |       0 |    7344 |   0.0 |       0 |      31 |   0.0 |  1568
        Lair:3 |       0 |    9861 |   0.0 |       0 |      31 |   0.0 |  1620
        Lair:4 |       0 |    1774 |   0.0 |       0 |       8 |   0.0 |   865
        Lair:5 |       0 |    6376 |   0.0 |       0 |      23 |   0.0 |  1750
        Lair:6 |       0 |   24912 |   0.0 |       0 |      61 |   0.0 |  1988
       Swamp:1 |       0 |   17599 |   0.0 |       0 |      39 |   0.0 |  1982
       Swamp:2 |       0 |   10504 |   0.0 |       0 |      30 |   0.0 |  1244
       Swamp:3 |       0 |    1385 |   0.0 |       0 |       5 |   0.0 |    65
      Spider:1 |       0 |     407 |   0.0 |       0 |       2 |   0.0 |    16
         Orc:1 |       0 |    5995 |   0.0 |       0 |      33 |   0.0 |  1234
         Orc:2 |       0 |   20738 |   0.0 |       0 |      63 |   0.0 |  1837
       Abyss:3 |   11917 |    2622 |  82.0 |      28 |       5 |  84.8 |   914
           Lab |       0 |    1254 |   0.0 |       0 |       1 |   0.0 |   568
       Ossuary |       0 |    1053 |   0.0 |       0 |      30 |   0.0 |   970
       Volcano |       0 |    5173 |   0.0 |       0 |       8 |   0.0 |   373
               +---------+---------+-------+---------+---------+-------+---------
